 Dungeon Crawl Stone Soup version 0.20.1-1-g8b1a95d (webtiles) character file.

1736 Mesmaeker13 the Magician (level 8, 0/57 HPs)
             Began as a Purple Draconian Wizard on Aug 29, 2017.
             Succumbed to a killer bee's poison
             ... on level 7 of the Dungeon.
             The game lasted 00:23:59 (11468 turns).

Mesmaeker13 the Magician (Purple Draconian Wizard) Turns: 11468, Time: 00:24:00

Health: 0/57       AC:  9    Str: 12      XL:     8   Next: 76%
Magic:  11/16      EV: 14    Int: 26      God:
Gold:   286        SH:  0    Dex:  9 (10) Spells: 12/18 levels left

rFire    + . .     SeeInvis .   s - +3 spear
rCold    x . .     Gourm    .   (no shield)
rNeg     . . .     Faith    .   (armour unavailable)
rPois    .         Spirit   .   a - +0 hat
rElec    .         Reflect  .   (no cloak)
rCorr    .         Harm     .   (no gloves)
MR       +....                  w - +2 pair of boots
Stlth    ++........             (no amulet)
Regen    0.2/turn               j - +3 ring of strength
MPRegen  0.2/turn               x - ring of fire

@: brilliant, lethally poisoned (0 -> -4), flying
A: breathe power, unfitting armour, cold-blooded, AC +6
a: Breathe Dispelling Energy


You were on level 7 of the Dungeon.
You were not hungry.

You visited 1 branch of the dungeon, and saw 7 of its levels.

You collected 286 gold pieces.

Inventory:

Hand Weapons
 s - a +3 spear (weapon)
Armour
 a - a +0 hat (worn)
 w - a +2 pair of boots (worn)
Magical Staves
 i - an uncursed staff of earth
Jewellery
 f - an uncursed amulet of faith
 j - a +3 ring of strength (left hand)
 t - an uncursed ring of protection from fire
 x - a ring of fire (right hand)
Scrolls
 e - 5 scrolls of teleportation {unknown}
 g - 5 scrolls of immolation {unknown}
 h - a scroll of amnesia {unknown}
 k - 3 scrolls of magic mapping {unknown}
 l - 2 scrolls of enchant weapon {unknown}
 p - a scroll of fog {unknown}
 q - a scroll of fear {unknown}
 r - 5 scrolls of remove curse
 y - a scroll of enchant armour {unknown}
 z - a scroll of noise {unknown}
Potions
 o - 2 potions of curing
 u - a potion of flight
 v - a potion of ambrosia {unknown}
Books
 b - a book of Minor Magic

   Spells                             Type                      Level
   a - Magic Dart                     Conjuration                  1
   b - Blink                          Translocation                2
   c - Call Imp                       Summoning                    2
   d - Slow                           Hexes                        2
   e - Conjure Flame                  Conjuration/Fire             3
   f - Mephitic Cloud                 Conjuration/Poison/Air       3
Comestibles
 c - 3 bread rations
 m - a royal jelly


   Skills:
 + Level 5.3 Dodging
 - Level 1.7 Stealth
 + Level 5.7 Spellcasting
 + Level 5.6 Conjurations
 + Level 3.3 Summonings
   Level 1.0 Translocations
 - Level 4.0 Air Magic
 - Level 4.0 Poison Magic


You had 12 spell levels left.
You knew the following spells:

 Your Spells              Type           Power        Failure   Level  Hunger
a - Magic Dart            Conj           ####         1%          1    None
b - Call Imp              Summ           #####...     1%          2    None
c - Mephitic Cloud        Conj/Pois/Air  #####...     1%          3    #......


Dungeon Overview and Level Annotations

Branches:
Dungeon (7/15)
 Temple: D:4-7

Altars:
Dithmenos
Fedhas
Makhleb
Okawaru
Uskayaw
Zin
The Shining One

Shops:
D:5 *(

Annotations:
D:6 Elmdore's ghost, novice TeBe


Innate Abilities, Weirdness & Mutations

You can breathe bolts of dispelling energy.
Your rich purple scales are hard. (AC +6)
You cannot fit into any form of body armour.
You are cold-blooded and may be slowed by cold attacks.


Message History

You bump into the rock wall.
You feel less confused.
* * * LOW HITPOINT WARNING * * *
You feel sick. The killer bee closely misses you.
The quasit closely misses you. The quasit barely misses you.
The quasit misses you. The killer bee closely misses you.
The quasit completely misses you. The quasit closely misses you.
The quasit barely misses you.
Unknown command.
Unknown command.
Unknown command.
Unknown command.
Unknown command.
Unknown command.
Unknown command.
Unknown command.
Drop what? 25/52 slots (_ for help) (? for menu, Esc to quit)
Drop what? 25/52 slots (_ for help) (? for menu, Esc to quit)
You drop 3 meat rations.
You die...

#..##.#
#..##.#
##..##.#
###...##..
#...#.# ##
#.#...#
#.###.# #.#
#5# #.# #@#
#.# #y# #.#
#H# #.# #.#
#.# #.# #.#
#.# #.###.##
###......#
####........#


You could see a hippogriff, a killer bee and a quasit.

Vanquished Creatures
  A hungry ghost (D:7)
  A water moccasin (D:7)
  2 ogres (D:7)
  2 ice beasts
  A black bear (D:6)
  A bullfrog (D:6)
  A water moccasin zombie (D:5)
  A scorpion (D:4)
  3 killer bees (D:7)
  A crimson imp (D:7)
  A bullfrog skeleton (D:6)
  A hound (D:4)
  A centaur skeleton (D:6)
  3 orc wizards
  An iguana (D:7)
  7 worker ants
  A killer bee zombie (D:6)
  A worker ant zombie (D:5)
  A gnoll (D:4)
  5 adders
  An ooze (D:4)
  An adder skeleton (D:6)
  A worm (D:4)
  5 dart slugs
  5 leopard geckos
  14 orcs
  4 giant cockroaches
  5 goblins
  5 hobgoblins
  2 jackals (D:6)
  2 quokkas
  4 ball pythons
  4 bats
  3 frilled lizards
  A jackal skeleton (D:5)
  6 kobolds
  A leopard gecko skeleton (D:6)
  13 rats
113 creatures vanquished.

Vanquished Creatures (collateral kills)
  The ghost of BGT the Vexing, an amateur SpEn (D:4)
  A scorpion (D:5)
  2 orc priests
  A hound (D:4)
  Natasha (thrice) (D:2)
  An iguana (D:4)
  2 orc wizards
  2 worker ants (D:5)
  3 gnolls (D:4)
  3 adders
  An adder zombie (D:5)
  A leopard gecko (D:3)
  8 orcs
29 creatures vanquished.

Vanquished Creatures (others)
  A killer bee (D:7)
  An adder (D:2)
  A hobgoblin (D:2)
  A rat (D:2)
4 creatures vanquished.

Grand Total: 146 creatures vanquished

Notes
Turn   | Place    | Note
-------+----------+-------------------------------------------
     0 | D:1      | Mesmaeker13 the Draconian Wizard began the quest for the Orb.
     0 | D:1      | Reached XP level 1. HP: 14/14 MP: 4/4
   675 | D:1      | Reached XP level 2. HP: 14/20 MP: 1/6
  1621 | D:1      | Reached XP level 3. HP: 26/26 MP: 4/7
  1961 | D:1      | Learned a level 2 spell: Call Imp
  2589 | D:2      | Noticed Natasha
  2609 | D:2      | Killed Natasha
  3000 | D:2      | Reached XP level 4. HP: 33/33 MP: 3/9
  3033 | D:2      | Noticed Natasha
  3340 | D:2      | Killed Natasha
  3754 | D:2      | Noticed Natasha
  3759 | D:2      | Killed Natasha
  4281 | D:2      | Learned a level 3 spell: Mephitic Cloud
  4284 | D:3      | Found a glowing golden altar of the Shining One.
  4290 | D:3      | Found a shadowy altar of Dithmenos.
  4292 | D:3      | Found a hide-covered altar of Uskayaw.
  5136 | D:3      | Reached XP level 5. HP: 38/38 MP: 5/10
  5321 | D:3      | Found a burning altar of Makhleb.
  5652 | D:4      | Reached skill level 1 in Air Magic
  5652 | D:4      | Reached skill level 1 in Poison Magic
  5985 | D:4      | Noticed BGT's ghost (amateur SpEn)
  6016 | D:4      | Killed BGT's ghost
  6210 | D:4      | Found a blossoming altar of Fedhas.
  6273 | D:4      | Reached XP level 6. HP: 35/45 MP: 1/12
  7534 | D:5      | Entered Level 5 of the Dungeon
  7844 | D:5      | Found Ofiruff's Elemental Accessories.
  8131 | D:5      | Your scales start taking on a rich purple colour.
  8131 | D:5      | Reached XP level 7. HP: 22/50 MP: 0/14
  8683 | D:5      | Found Maweh's Antique Weapon Shoppe.
  8707 | D:5      | Found a glowing silver altar of Zin.
  8756 | D:6      | Noticed Elmdore's ghost (novice TeBe)
  9614 | D:6      | Found an iron altar of Okawaru.
 10318 | D:6      | Reached XP level 8. HP: 57/57 MP: 3/15
 10912 | D:7      | Reached skill level 5 in Spellcasting
 11003 | D:7      | Reached skill level 5 in Conjurations
 11022 | D:7      | Reached skill level 5 in Dodging
 11413 | D:7      | Noticed a hippogriff
 11466 | D:7      | HP: 2/57 [poisoned by a killer bee]
 11468 | D:7      | Succumbed to a killer bee's poison

Skill      XL: |  1  2  3  4  5  6  7  8 |
---------------+-------------------------+-----
Dodging        | 2 3 4 5 |  5.3
Conjurations   | 2 3 4 5 |  5.6
Summonings     | 2 3 |  3.3
Air Magic      | 1 2 3 4 |  4.0
Poison Magic   | 1 2 3 4 |  4.0
Spellcasting   | 4 5 |  5.7
Stealth        | |  1.7
Translocations | |  1.0

Action                   |  1- 3 |  4- 6 |  7- 9 || total
-------------------------+-------+-------+-------++-------
Melee: Short sword       |    40 |    20 |       ||    60
       Tailslap          |       |     6 |     3 ||     9
       Staff             |       |    30 |       ||    30
       Quarterstaff      |       |     1 |       ||     1
       Spear             |       |    11 |   125 ||   136
 Cast: Magic Dart        |    75 |   112 |    82 ||   269
       Call Imp          |     4 |    48 |    23 ||    75
       Mephitic Cloud    |       |     7 |     7 ||    14
 Abil: Breathe Dispellin |       |       |    16 ||    16
  Use: Scroll            |     2 |     3 |       ||     5
       Potion            |       |       |     6 ||     6
 Stab: Confused          |       |     1 |       ||     1
  Eat: Chunk             |     6 |    12 |    13 ||    31
       Bread ration      |       |     1 |     1 ||     2
Armor: Skin              |    12 |    27 |    71 ||   110
Dodge: Dodged            |    36 |    73 |   202 ||   311
